Map: Automaton LE

Players

Lambo - Winner!

  • Race: Zerg Zerg
  • League: Grandmaster
  • Spawn Location: 9:00

IlIlIlIlIlIl

  • Race: Protoss Protoss
  • League: Master
  • Spawn Location: 3:00

VOD

Have the link to the VOD?

Description

Time

  • Played on: Dec. 2, 2018, 3:13 p.m.
  • Length: 7:58
Show
View Real Time Build Order
Export as new Build Order

Lambo Zerg - Winner!

Build Orders: Hatch First 

Get SALT Encoding   

  12  0:00  Drone  
  13  0:12  Overlord  
  13  0:17  Drone  
  14  0:31  Drone x2  
  16  0:48  Hatchery  
  15  0:52  Drone  
  15  0:56  Drone  
  17  0:59  Drone  
  18  1:10  Extractor  
  17  1:15  Spawning Pool  
  17  1:18  Drone  
  17  1:21  Drone  
  18  1:27  Drone  
  19  1:38  Drone  
  20  1:51  Overlord  
  20  2:02  Queen x2, Zergling x2  
  20  2:03  Zergling x2  
  26  2:11  Metabolic Boost  
  26  2:12  Drone  
  26  2:14  Drone  
  29  2:22  Drone  
  29  2:24  Drone  
  30  2:37  Hatchery  
  30  2:43  Drone  
  30  2:45  Drone  
  30  2:46  Drone  
  30  2:50  Overlord  
  32  2:54  Drone  
  33  3:00  Queen  
  33  3:02  Drone  
  36  3:12  Drone x2  
  38  3:13  Drone x2  
  38  3:15  Drone  
  38  3:16  Drone  
  38  3:19  Overlord  
  42  3:23  Drone  
  42  3:26  Overlord  
  42  3:30  Drone  
  43  3:38  Drone  
  44  3:41  Drone  
  44  3:43  Queen  
  44  3:45  Drone x3  
  44  3:46  Drone  
  51  3:48  Spore Crawler  
  51  3:49  Drone  
  51  3:54  Queen  
  51  3:55  Spore Crawler  
  52  3:56  Zergling x2  
  52  3:58  Zergling x2  
  54  4:04  Overlord  
  54  4:08  Drone x2  
  56  4:11  Drone  
  57  4:17  Overlord  
  57  4:23  Overlord  
  57  4:24  Drone x3  
  59  4:25  Drone x2  
  59  4:27  Lair  
  62  4:34  Overlord  
  62  4:37  Roach Warren  
  62  4:38  Extractor, Drone x2  
  62  4:40  Extractor  
  62  4:42  Drone x4  
  65  4:49  Drone  
  65  4:50  Queen, Drone  
  69  4:59  Drone x4  
  73  5:02  Drone x3  
  73  5:06  Drone x2  
  78  5:11  Evolution Chamber  
  77  5:15  Drone x2  
  77  5:16  Drone  
  77  5:18  Extractor  
  77  5:20  Extractor  
  78  5:22  Overlord  
  78  5:23  Overlord  
  78  5:29  Overlord  
  78  5:33  Overlord  
  78  5:36  Hydralisk Den  
  78  5:37  Roach x2  
  78  5:38  Zerg Missile Weapons Level 1, Overlord  
  81  5:44  Roach x6  
  81  5:49  Roach x4  
  101  5:55  Overlord  
  101  5:57  Drone x3  
  101  5:59  Roach  
  101  6:00  Roach x3  
  112  6:05  Overlord  
  112  6:09  Roach  
  112  6:10  Glial Reconstitution  
  114  6:12  Roach  
  114  6:16  Roach  
  118  6:20  Roach x3  
  126  6:25  Roach x2  
  126  6:26  Roach  
  117  6:33  Roach  
  117  6:37  Roach x2  
  112  6:42  Roach x3  
  109  6:47  Hydralisk x4  
  109  6:50  Queen x2  
  109  6:52  Hydralisk  
  121  7:01  Overlord  
  121  7:03  Overlord  
  121  7:04  Hydralisk x3  
  127  7:10  Overlord  
  127  7:11  Overlord  
  127  7:14  Overlord  
  127  7:15  Overlord  
  127  7:20  Zergling x2  
  127  7:21  Zergling x14  
  135  7:23  Ravager  
  135  7:27  Ravager  
  137  7:31  Ravager  
  137  7:32  Ravager  
  137  7:36  Zergling x8  
Show
View Real Time Build Order
Export as new Build Order

IlIlIlIlIlIl Protoss 

Build Orders: 1 Gate Expand, Oracle Opening, Phoenix Opening, Zealot Archon, Archon Drop 

Get SALT Encoding   

  12  0:00  Probe  
  13  0:12  Probe  
  14  0:19  Pylon  
  14  0:25  Probe  
  15  0:33  Probe  
  15  0:41  Probe  
  16  0:43  Gateway  
  16  0:48  Assimilator  
  17  0:51  Probe  
  18  1:03  Probe  
  19  1:15  Probe  
  20  1:39  Nexus  
  20  1:44  Cybernetics Core  
  20  1:46  Probe  
  21  1:51  Assimilator  
  21  1:58  Probe  
  21  2:00  Pylon  
  22  2:10  Probe  
  22  2:12  Adept  
  23  2:22  Probe  
  26  2:25  Stargate  
  26  2:30  Warp Gate  
  26  2:34  Probe  
  27  2:38  Adept  
  27  2:42  Probe  
  29  2:50  Probe x2  
  32  2:58  Probe  
  32  3:00  Probe  
  32  3:03  Phoenix  
  34  3:08  Probe  
  37  3:13  Probe  
  38  3:20  Probe  
  38  3:25  Probe  
  40  3:29  Assimilator, Oracle  
  40  3:30  Assimilator  
  40  3:33  Probe  
  44  3:34  Pylon  
  44  3:37  Probe  
  45  3:45  Probe, Gateway  
  46  3:52  Probe, Twilight Council  
  46  3:53  Probe  
  47  4:01  Probe  
  48  4:05  Probe, Robotics Facility  
  50  4:11  Probe  
  50  4:16  Pylon  
  52  4:17  Probe  
  52  4:20  Charge  
  52  4:23  Probe  
  53  4:31  Templar Archives  
  53  4:34  Gateway  
  53  4:43  Warp Prism  
  53  4:47  Gateway  
  53  4:48  Gateway  
  53  4:50  Gateway  
  55  5:00  Gateway  
  55  5:05  Zealot x2  
  59  5:14  Pylon  
  59  5:15  Pylon  
  59  5:28  Pylon  
  59  5:35  Gateway x2  
  59  5:41  High Templar x3  
  65  5:43  High Templar  
  65  5:44  Zealot x2  
  65  5:45  Archon  
  65  5:47  Archon  
  65  5:49  Pylon  
  71  5:55  Zealot  
  72  6:16  Zealot x7  
  74  6:34  Zealot x2  
  74  6:37  Zealot x5  
  78  6:41  Zealot  
  59  6:59  Sentry  
  59  7:00  Sentry x8  
  75  7:19  Stalker x4  
  83  7:22  Stalker  
  83  7:23  Stalker x2  
  83  7:27  Stalker  
  91  7:31  Stalker  
  93  7:40  Pylon  
Tags
 
Add a new tag
Caveats
  • Supply blocks, unpowered buildings, or Contaminate may cause inaccurate times.
  • Supply counts are checked every 10 seconds.